Map: Orbital Shipyard

Players

xKawaiian - Winner!

  • Race: Terran Terran
  • League: Master

Cobalt

  • Race: Zerg Zerg
  • League: Master

VOD

Have the link to the VOD?

Description

Time

  • Played on: Jan. 13, 2016, 7:51 p.m.
  • Length: 11:06
Show
View Real Time Build Order
Export as new Build Order

xKawaiian Terran - Winner!

Build Orders: Reaper Expand, MMM Bio 

Get SALT Encoding   

  12  0:01  SCV  
  13  0:13  SCV  
  14  0:18  Supply Depot  
  14  0:25  SCV  
  15  0:39  SCV  
  15  0:40  Barracks  
  16  0:46  Refinery  
  16  0:51  SCV  
  17  1:03  SCV  
  18  1:16  SCV  
  19  1:28  Orbital Command  
  19  1:29  Reaper  
  20  1:40  Command Center  
  21  1:54  SCV, Supply Depot  
  21  2:02  Barracks Reactor  
  21  2:06  SCV  
  22  2:10  Barracks  
  22  2:18  SCV  
  22  2:21  Barracks  
  23  2:30  SCV  
  24  2:42  SCV, Marine x2  
  27  2:54  SCV, Orbital Command  
  28  3:00  Barracks Tech Lab, Marine  
  29  3:06  SCV, Factory  
  29  3:09  Marine  
  29  3:10  Marine  
  29  3:12  Refinery  
  32  3:18  SCV, Marine  
  32  3:19  Stimpack  
  34  3:21  SCV  
  35  3:29  Marine  
  35  3:30  Marine x2  
  35  3:31  SCV  
  35  3:33  SCV  
  39  3:35  Supply Depot  
  39  3:36  Marine  
  40  3:43  SCV  
  40  3:45  SCV  
  40  3:47  Marine  
  43  3:48  Marine  
  43  3:49  Marine  
  43  3:52  Starport  
  43  3:55  SCV  
  46  3:57  Factory Reactor  
  46  3:58  Marine  
  46  3:59  SCV  
  48  4:05  Supply Depot, Marine  
  48  4:07  Marine  
  48  4:08  Marine  
  48  4:09  Supply Depot  
  51  4:12  SCV  
  51  4:15  SCV  
  51  4:16  Marine  
  54  4:26  SCV, Marine x2  
  58  4:35  Command Center  
  58  4:37  Medivac x2  
  61  4:39  SCV  
  61  4:40  SCV  
  61  4:42  Marine  
  61  4:43  Marine  
  65  4:49  Supply Depot, Marine  
  65  4:50  Marine  
  65  4:51  SCV  
  68  4:53  SCV  
  69  5:00  Marine  
  69  5:04  Supply Depot  
  70  5:10  SCV x2  
  70  5:13  Marine  
  74  5:17  Engineering Bay  
  74  5:18  Refinery, Engineering Bay, Marine x2  
  74  5:20  Barracks Reactor, Refinery, Factory Reactor  
  75  5:22  SCV  
  75  5:23  Combat Shields  
  75  5:24  SCV  
  77  5:31  Marine  
  77  5:34  SCV  
  79  5:36  SCV, Marine x2  
  82  5:44  Barracks  
  82  5:45  Barracks  
  82  5:46  SCV  
  82  5:48  SCV  
  84  5:50  Terran Infantry Weapons Level 1  
  84  5:52  Terran Infantry Armor Level 1  
  84  5:58  SCV  
  84  6:03  Marine x2  
  87  6:04  Marine x2  
  87  6:05  SCV, Hellion  
  87  6:08  Orbital Command  
  87  6:09  Marauder  
  88  6:21  Marine  
  88  6:23  Marine  
  88  6:24  Marine  
  88  6:25  Medivac x2, Widow Mine  
  94  6:26  Orbital Command, Widow Mine  
  94  6:27  SCV  
  94  6:30  Marauder  
  101  6:36  Barracks Reactor, Barracks Tech Lab  
  101  6:40  SCV, Marine  
  101  6:42  Marine  
  101  6:44  SCV  
  95  6:48  Marine  
  95  6:52  SCV x2, Marauder  
  100  6:56  SCV  
  101  7:01  Supply Depot  
  101  7:02  Missile Turret  
  101  7:04  Concussive Shells  
  101  7:05  Supply Depot  
  101  7:11  Supply Depot  
  101  7:13  Supply Depot  
  101  7:17  Supply Depot  
  101  7:18  Supply Depot  
  101  7:22  Marine x2  
  101  7:23  SCV x2, Medivac x2  
  101  7:27  SCV, Marauder x2  
  114  7:30  Marine x2  
  114  7:31  Marine x2  
  114  7:40  SCV  
  114  7:42  Armory  
  114  7:43  Refinery x2, Marine  
  116  7:44  SCV  
  116  7:49  Marauder x2  
  116  7:50  Marine x2  
  118  7:52  Medivac x2  
  118  7:58  SCV, Marine x2  
  113  8:05  Marine  
  113  8:09  SCV  
  113  8:10  Marauder x2  
  117  8:14  Marine  
  117  8:17  Command Center  
  117  8:19  SCV  
  119  8:21  Marine  
  119  8:22  Medivac x2  
  124  8:29  Marine  
  124  8:31  Marauder x2  
  120  8:34  Terran Infantry Weapons Level 2  
  120  8:39  Terran Infantry Armor Level 2  
  120  8:45  Marine x3  
  123  8:50  Widow Mine x2, Marine  
  123  8:51  Marine  
  123  8:52  Medivac x2  
  123  8:53  Marauder x2  
  135  8:59  Marine  
  124  9:02  Marine  
  124  9:03  Marine  
  124  9:05  SCV  
  118  9:14  Marauder x2, Marine x3  
  118  9:17  Marine  
  123  9:18  Widow Mine  
  123  9:19  Widow Mine  
  123  9:20  Marine  
  129  9:31  Marine  
  129  9:33  Barracks  
  129  9:34  Barracks x2  
  129  9:36  Marauder x2  
  129  9:37  Marine  
  135  9:39  Marine x2  
  135  9:45  Marine  
  138  9:47  Widow Mine  
  138  9:48  SCV x2  
  138  9:49  SCV  
  138  9:52  Marine x2  
  145  9:55  Marine  
  145  9:57  Marauder x2  
  145  9:58  Marine  
  145  9:59  Missile Turret  
  151  10:00  SCV, Missile Turret  
  151  10:04  Marine x2  
  154  10:08  Widow Mine  
  154  10:09  SCV  
  154  10:10  Marine  
  154  10:13  Marine  
  157  10:15  Planetary Fortress  
  157  10:16  Widow Mine  
  157  10:18  Marauder x2  
  161  10:21  Barracks Reactor, Barracks Tech Lab x2  
  161  10:27  Marine  
  161  10:28  Marine x2  
  164  10:45  Marine  
  164  10:46  Marine  
Show
View Real Time Build Order
Export as new Build Order

Cobalt Zerg 

Build Orders: Hatch First 

Get SALT Encoding   

  12  0:01  Drone  
  13  0:07  Drone  
  14  0:17  Overlord  
  14  0:23  Drone, Extractor  
  15  0:35  Drone x2  
  17  0:52  Hatchery  
  17  0:55  Drone  
  17  0:57  Extractor  
  17  0:59  Drone  
  17  1:14  Spawning Pool  
  17  1:16  Drone  
  17  1:19  Drone  
  18  1:27  Drone  
  19  1:41  Overlord  
  19  2:01  Metabolic Boost  
  19  2:02  Zergling x4  
  19  2:03  Queen  
  19  2:04  Queen  
  19  2:06  Drone  
  26  2:10  Drone  
  26  2:14  Drone  
  28  2:20  Drone  
  29  2:34  Overlord  
  29  2:39  Queen  
  31  2:53  Drone x5  
  31  2:57  Overlord  
  36  3:05  Drone  
  37  3:08  Drone  
  37  3:12  Drone  
  39  3:13  Drone x2  
  39  3:18  Drone x4  
  45  3:31  Drone x2  
  47  3:34  Overlord  
  47  3:35  Hatchery  
  47  3:39  Drone, Extractor  
  46  3:45  Evolution Chamber  
  46  3:48  Evolution Chamber, Drone x2  
  46  3:50  Drone x3  
  46  3:54  Roach Warren  
  48  3:55  Overlord  
  48  4:06  Queen  
  50  4:10  Overlord  
  50  4:14  Drone  
  51  4:18  Spore Crawler, Drone  
  51  4:20  Spore Crawler  
  50  4:27  Overlord  
  50  4:36  Roach x8  
  66  4:46  Drone, Queen  
  66  4:47  Drone x2  
  66  4:50  Spore Crawler  
  70  4:54  Drone x3  
  73  5:00  Overlord  
  73  5:02  Drone x3  
  73  5:03  Drone x2  
  78  5:11  Drone  
  78  5:12  Drone  
  80  5:15  Overlord  
  80  5:19  Drone  
  81  5:26  Drone x4  
  85  5:35  Drone x5  
  90  5:36  Lair  
  90  5:41  Extractor  
  89  5:43  Extractor  
  89  5:46  Extractor x2  
  86  5:55  Hatchery  
  84  5:59  Zergling x2  
  84  6:00  Zergling x28  
  90  6:16  Evolution Chamber  
  90  6:17  Evolution Chamber  
  88  6:21  Queen  
  89  6:29  Drone x4  
  93  6:39  Drone  
  94  6:40  Drone x2  
  94  6:42  Drone x2  
  94  6:43  Overlord x2  
  94  6:44  Overlord  
  94  6:45  Zerg Missile Weapons Level 1, Zerg Ground Armor Level 1  
  94  6:46  Hatchery, Overseer  
  97  6:48  Glial Reconstitution  
  96  7:03  Drone x5  
  96  7:04  Drone x3  
  96  7:06  Drone  
  96  7:07  Drone x2  
  107  7:11  Overlord  
  107  7:18  Overlord  
  107  7:21  Roach x3  
  113  7:23  Pneumatized Carapace  
  113  7:25  Overseer  
  112  7:30  Roach x5  
  112  7:31  Roach  
  112  7:32  Spore Crawler  
  112  7:33  Spore Crawler  
  112  7:35  Roach  
  112  7:36  Roach x3  
  123  7:38  Roach x2  
  123  7:40  Ravager  
  123  7:41  Ravager x2  
  123  7:42  Ravager  
  123  7:43  Zergling x8  
  133  7:49  Roach  
  116  7:53  Roach x3  
  116  7:54  Roach x2  
  116  7:57  Zergling x2  
  112  8:04  Roach x5  
  104  8:09  Drone, Queen  
  104  8:10  Drone  
  104  8:11  Drone  
  104  8:12  Drone  
  109  8:13  Roach  
  109  8:17  Queen  
  113  8:25  Roach x4  
  113  8:26  Spore Crawler, Roach  
  102  8:36  Roach x5  
  102  8:38  Ravager x3  
  102  8:39  Ravager  
  102  8:41  Zergling x8  
  116  8:44  Roach  
  116  8:45  Roach  
  118  8:49  Roach x2  
  114  9:00  Roach x6  
  108  9:03  Roach  
  106  9:15  Ravager  
  106  9:16  Ravager x2  
  109  9:18  Hatchery  
  109  9:19  Drone x7  
  109  9:20  Drone  
  116  9:40  Roach x6  
  116  9:43  Overlord  
  128  9:46  Overlord  
  128  9:49  Overlord  
  128  9:57  Overlord  
  128  9:58  Overlord  
  128  9:59  Overlord  
  126  10:13  Roach x9  
  140  10:22  Roach x5  
  152  10:28  Ravager x5  
  152  10:31  Overlord  
  155  10:38  Drone  
  155  10:39  Extractor  
Tags
 
Add a new tag
Caveats
  • Supply blocks, unpowered buildings, or Contaminate may cause inaccurate times.
  • Supply counts are checked every 10 seconds.